 Dungeon Sprint DCSS version 0.27-a0-538-g15ff5c5295 (webtiles) character file.

Game seed: 17302690682813930960

137 sahdkjhfkaj the Transmogrifier (level 5, -3/26 HPs)
             Began as a Felid Transmuter on Mar 6, 2021.
             Was an Initiate of Gozag.
             Slain by a warg (12 damage)
             ... in the Dungeon (Sprint VII: "The Pits").
             The game lasted 00:02:07 (420 turns).

sahdkjhfkaj the Transmogrifier (Felid Transmuter)    Turns: 420, Time: 00:02:07

Health: -3/26      AC:  2    Str:  6    XL:     5   Next: 0%
Magic:  9/9        EV: 17    Int: 16    God:    Gozag
Gold:   339        SH:  0    Dex: 17    Spells: 7/8 levels left
                                        Lives:  0   Deaths: 1

rFire    . . .     SeeInvis +     - Unarmed
rCold    . . .     Faith    .   (shield unavailable)
rNeg     . . .     Spirit   .   (armour unavailable)
rPois    .         Reflect  .   (helmet unavailable)
rElec    .         Harm     .   (cloak unavailable)
rCorr    .         Rampage  .   (gloves unavailable)
Will     .....     NoTele   +   (boots unavailable)
Stlth    ++........             (no amulet)
HPRegen  0.08/turn              (no ring)
MPRegen  0.11/turn              (no ring)

@: appendages, quick
A: very small, claws 1, fangs 3, horns 2, see invisible, speed 1, shaggy fur 2,
stealthy paws, no weapons or thrown items, no armour, multi-lived
a: End Transformation, Renounce Religion, Potion Petition, Call Merchant, Bribe
Branch


You were in the Dungeon.
You worshipped Gozag.
Gozag was aware of your devotion.
You had grown temporary horns.
You visited 1 branch You collected 810 gold pieces.
You paid 471 gold pieces to Gozag.

Inventory:

Scrolls
 g - a scroll of blinking
 h - 5 scrolls of amnesia
 i - a scroll of summoning
Potions
 a - 2 potions of invisibility
 b - 6 potions of curing
 c - 4 potions of heal wounds
 e - 4 potions of magic
 f - 2 potions of berserk rage


   Skills:
 - Level 5.0 Fighting
 - Level 2.6 Dodging
 - Level 5.0 Unarmed Combat
 - Level 2.0 Spellcasting
 + Level 11.6 Transmutations


You had 7 spell levels left.
You knew the following spells:

 Your Spells              Type           Power      Damage    Failure   Level
a - Beastly Appendage     Tmut           76%        N/A       1%          1

Your spell library contained the following spells:

 Spells                   Type           Power      Damage    Failure   Level
 Wereblood                Tmut           38%        N/A       1%          2
 Blade Hands              Tmut           19%        N/A       4%          5
 Spider Form              Tmut/Pois      10%        N/A       6%          3
 Ice Form                 Ice/Tmut       20%        N/A       19%         4


Dungeon Overview and Level Annotations

Branches:
Dungeon (1/1)

Altars:
Ashenzari
Cheibriados
Dithmenos
Elyvilon
Fedhas
Gozag
Hepliaklqana
Kikubaaqudgha
Makhleb
Nemelex Xobeh
Okawaru
Qazlal
Ru
Sif Muna
Trog
Uskayaw
Vehumet
Wu Jian
Xom
Yredelemnul
Zin
The Shining One
Beogh
Jiyva
Lugonu

Shops:
D ?


Innate Abilities, Weirdness & Mutations

You have sharp claws.
You have razor-sharp teeth.
You have supernaturally acute eyesight. (SInv)
You cover ground quickly. (Speed+)
You are covered in thick fur. (AC +2)
Your stealthy paws help you sneak and pounce on unaware monsters.
You are incapable of wielding weapons or throwing items.
You cannot wear armour.
You gain extra lives every three experience levels.
You have a pair of horns on your head.


Message History

You feel much better. The warg bites you but does no damage.
You closely miss the warg. Your headbutt misses the warg.
The warg is severely wounded.
You closely miss the warg.
The warg is severely wounded.
The warg bites you!
You closely miss the warg.
The warg is severely wounded.
The warg misses you.
You barely miss the warg. Your headbutt misses the warg.
Your claw misses the warg.
The warg is severely wounded.
The warg bites you!
Ouch! That really hurt!
You die...
Your shape twists and changes as you die.
You are now level 5!
Your horns disappear.
You rejoin the land of the living...
This spell is extremely dangerous to cast!
Memorise Blade Hands, consuming 5 spell levels and leaving 2?
You start memorising the spell.
You continue memorising. x5
The warg bites you.
Your memorisation is interrupted.
Adjust (i)tems, (s)pells, or (a)bilities?
Okay, then.
Casting: Beastly Appendage (safe; 1% risk of failure)
Confirm with . or Enter, or press ? or * to list all spells.
You grow a pair of large bovine horns.
The warg bites you! The warg closely misses you.
You scratch the warg but do no damage.
The warg is severely wounded.
The warg misses you.
You scratch the warg but do no damage.
The warg is severely wounded.
The warg bites you.
You barely miss the warg.
The warg is severely wounded.
The warg bites you!
You die...
Your body crumbles into a pile of gold.

#.#))#####'#####'#####+
#.#))#...).##.......#
#.#))#.....##.......#
#.#..###'####.......#
#.##'#.....##...<...#
#.#........##.......#
#.#........##.......#
#'###########.......#
#...)(@.# #########
#.###.h.# #.#.....#
#.#.∩.#.# #.....#.#
#...###.#+# #.......$.#
###########


You could see a warg.

Vanquished Creatures
  A floating eye (D)
  A centaur (D)
  A bullfrog (D)
  An adder (D)
  An adder zombie (D)
  A leopard gecko (D)
  2 bats (D)
  A giant cockroach (D)
  3 hobgoblins (D)
  A ball python (D)
  A leopard gecko skeleton (D)
  A rat (D)
15 creatures vanquished.

Notes
Turn   | Place    | Note
-------+----------+-------------------------------------------
     0 | D        | sahdkjhfkaj the Felid Transmuter began the quest for the
                  | Orb.
     0 | D        | Reached XP level 1. HP: 9/9 MP: 4/4
    14 | D        | Reached skill level 5 in Unarmed Combat
    14 | D        | Reached XP level 2. HP: 3/12 MP: 4/6
    17 | D        | Found a bloodstained altar of Trog.
    17 | D        | Found a shimmering blue altar of Sif Muna.
    17 | D        | Found a viscous altar of Jiyva.
    17 | D        | Found a hazy altar of Hepliaklqana.
    17 | D        | Found an opulent altar of Gozag.
    18 | D        | Found a glowing golden altar of the Shining One.
    18 | D        | Found a glowing silver altar of Zin.
    18 | D        | Found a basalt altar of Yredelemnul.
    18 | D        | Found a shimmering altar of Xom.
    18 | D        | Found an ornate altar of the Wu Jian Council.
    18 | D        | Found a sacrificial altar of Ru.
    18 | D        | Found a stormy altar of Qazlal.
    18 | D        | Found an iron altar of Okawaru.
    18 | D        | Found a sparkling altar of Nemelex Xobeh.
    18 | D        | Found a burning altar of Makhleb.
    18 | D        | Found a blossoming altar of Fedhas.
    18 | D        | Found a white marble altar of Elyvilon.
    18 | D        | Found a shadowy altar of Dithmenos.
    18 | D        | Found a snail-covered altar of Cheibriados.
    20 | D        | Found a corrupted altar of Lugonu.
    20 | D        | Found a radiant altar of Vehumet.
    21 | D        | Found a broken altar of Ashenzari.
    21 | D        | Found an ancient bone altar of Kikubaaqudgha.
    21 | D        | Found a hide-covered altar of Uskayaw.
    25 | D        | Became a worshipper of Gozag Ym Sagoz the Greedy
   337 | D        | Noticed a floating eye
   337 | D        | Noticed a bullfrog
   337 | D        | Noticed a centaur
   341 | D        | Paralysed by a floating eye for 2 turns
   346 | D        | Killed a floating eye
   347 | D        | Reached skill level 5 in Fighting
   347 | D        | Reached skill level 8 in Transmutations
   347 | D        | Reached XP level 3. HP: 19/19 MP: 4/7
   347 | D        | Reached XP level 4. HP: 23/23 MP: 4/8
   351 | D        | Killed a bullfrog
   352 | D        | Reached skill level 10 in Transmutations
   352 | D        | Reached XP level 5. HP: 26/26 MP: 5/9
   353 | D        | Killed a centaur
   354 | D        | Reached skill level 11 in Transmutations
   365 | D        | Gained mutation: You are covered in thick fur. (AC +2)
                  | [Felid growth]
   365 | D        | Reached XP level 6. HP: 21/30 MP: 6/10
   393 | D        | Noticed a warg
   410 | D        | Slain by a warg
   411 | D        | Reached XP level 5. HP: -2/26 MP: 9/9
   420 | D        | Slain by a warg

Illustrated notes

Levels and vault maps discovered:
D:        pitsprint [storerooms_1, entrance_room_1, metal_vault_5, armoury_2,
          mini_pit_1, grid_room_1, main_hall_1, silver_pit, the_coven_3,
          the_vestibule_1, steel_vault_4, golden_pit, hallway_of_sentries,
          crystal_vault_3, iron_vault_2, final_vault]

Skill      XL: |  1  2  3  4  5 |
---------------+----------------+-----
Unarmed Combat | 5 |  5.0
Fighting       | 5 |  5.0
Transmutations | 8 10 11 | 11.6
Dodging        | |  2.6
Spellcasting   | |  2.0

Action                   |  1- 3 |  4- 6 || total
-------------------------+-------+-------++-------
Melee: Unarmed           |    17 |    24 ||    41
       Headbutt          |     1 |     1 ||     2
       Punch             |     1 |     2 ||     3
       Bite              |       |     3 ||     3
 Cast: Beastly Appendage |     6 |     2 ||     8
Invok: Call Merchant     |       |     1 ||     1
  Use: Potion            |     1 |     3 ||     4
 Stab: Sleeping          |     4 |       ||     4
Armor: Skin              |     1 |     1 ||     2
Dodge: Dodged            |    15 |    29 ||    44

Table legend: (Time is in decaauts)
 A = Elapsed time spent in this place.
 B = Non-inter-level travel time spent in this place.
 C = Inter-level travel time spent in this place.
 D = Time resting spent in this place.
 E = Time spent auto-exploring this place.
 F = Levels seen in this place.
 G = Mean time per level.
                   A        B        C        D        E       F      G
               +--------+--------+--------+--------+--------+-----+--------+
         Total |    394 |    377 |     17 |    190 |      0 |   1 |  394.0 |
       Dungeon |    394 |    377 |     17 |    190 |      0 |   1 |  394.0 |
               +--------+--------+--------+--------+--------+-----+--------+

Top non-repeatable levels by time:
       D: 394 daAuts
